 Dungeon Crawl Stone Soup version 0.23.2-1-ga50397a (webtiles) character file.

Game seed: 2855749664109337900

79620 shadizar the Fighter (level 15, -4/70 HPs)
             Began as a Gargoyle Fighter on Apr 28, 2019.
             Was the Champion of the Shining One.
             Killed from afar by a hell hog (24 damage)
             ... with a fireball
             ... on level 2 of the Abyss.
             The game lasted 00:54:49 (19037 turns).

shadizar the Fighter (Gargoyle Fighter)            Turns: 19037, Time: 00:54:49

Health: -4/70      AC: 46    Str: 20    XL:     15   Next: 64%
Magic:  0/13       EV:  8    Int: 11    God:    the Shining One [******]
Gold:   2748       SH: 20    Dex:  5    Spells: 14/14 levels left

rFire    . . .     SeeInvis .   Y - +7 eveningstar of the Apocalypse {venom, rPois}
rCold    + . .     Gourm    .   G - +2 large shield
rNeg     + + +     Faith    .   Q - +27 Lear's hauberk
rPois    ∞         Spirit   +   (helmet currently unavailable)
rElec    +         Reflect  .   W - scarf {Spirit}
rCorr    .         Harm     .   (gloves currently unavailable)
MR       +....                  (boots currently unavailable)
Stlth    ..........             m - amulet of regeneration
HPRegen  0.00/turn              (no ring)
MPRegen  0.13/turn              l - ring of protection from cold

@: about to teleport, flying, glowing
A: big wings, [blurry vision 3], [clumsy 2], [deformed body], [deterioration 2],
[frail 3], [low mp 3], negative energy resistance 1, [screaming 3], electricity
resistance, [inhibited regeneration], [weak 2], unbreathing, petrification
resistance, rot immunity, [subdued magic 2], AC +11
a: Stop Flying, Divine Shield, Cleansing Flame, Summon Divine Warrior, Brand
Weapon With Holy Wrath, Renounce Religion


You were on level 2 of the Abyss.
You worshipped the Shining One.
The Shining One was exalted by your worship.
You were not hungry.

You visited 5 branches of the dungeon, and saw 23 of its levels.
You visited the Abyss 4 times.
You also visited: Sewer.

You collected 3943 gold pieces.
You spent 1195 gold pieces at shops.

Inventory:

Hand Weapons
 C - a +4 shortbow of velocity
 Y - the +7 eveningstar of the Apocalypse (weapon) {venom, rPois}
   (You bought it in a shop on level 2 of the Orcish Mines)

   It poisons the flesh of those it strikes.
   It protects you from poison.
Armour
 k - a +3 plate armour
 q - a +0 helmet
 G - a +2 large shield (worn)
 H - a +1 cloak
 L - a +0 pair of boots
 Q - the +27 Lear's hauberk (worn)
   (You found it on level 10 of the Dungeon)
 V - the +2 pair of gloves of the Arcane {rCorr}
   (You bought it in a shop on level 2 of the Orcish Mines)

   It provides partial protection from all sources of acid and corrosion.
 W - a scarf of spirit shield (worn)
Jewellery
 g - an uncursed amulet of rage {unknown}
 l - a ring of protection from cold (right hand)
 m - an amulet of regeneration (around neck)
 T - an uncursed amulet of guardian spirit {unknown}
 Z - the amulet "Facut" {Spirit +Blink Dex+5}
   (You acquired it on level 2 of the Lair of Beasts)

   [amulet of guardian spirit]

   It causes incoming damage to be split between your health and magic.
   It affects your dexterity (+5).
   It lets you blink.
Wands
 a - a wand of polymorph (23)
 c - a wand of acid (24)
 e - a wand of flame (33)
 r - a wand of disintegration (12)
 u - a wand of digging (5)
 A - a wand of paralysis (8)
 B - a wand of iceblast (16)
 I - a wand of enslavement (5)
 R - a wand of scattershot (5)
Scrolls
 b - 2 scrolls of enchant armour
 h - 13 scrolls of remove curse {unknown}
 i - a scroll of summoning {unknown}
 j - 3 scrolls of teleportation
 n - 4 scrolls of identify
 o - a scroll of magic mapping
 p - 2 scrolls of enchant weapon
 s - 2 scrolls of holy word
 D - a scroll of blinking
 N - 2 scrolls of fog
Potions
 f - 3 potions of lignification
 t - 6 potions of agility
 v - 2 potions of brilliance
 x - 3 potions of haste
 E - 4 potions of curing
 F - a potion of heal wounds
 J - a potion of cancellation
 K - a potion of ambrosia
 U - 2 potions of berserk rage
 X - a potion of might
Miscellaneous
 S - a lightning rod (4/4)
Comestibles
 d - 42 rations


   Skills:
 + Level 14.7 Fighting
 + Level 11.5 Maces & Flails
 + Level 12.9 Armour
 + Level 9.8 Dodging
 + Level 12.9 Shields
 - Level 2.0 Unarmed Combat
 - Level 6.3 Evocations


You had 14 spell levels left.
You didn't know any spells.
Your spell library contained the following spells:

 Spells                   Type           Power        Failure   Level  Hunger
 Animate Skeleton         Necr           N/A          100%        1    ##.....
 Apportation              Tloc           #.....       100%        1    ##.....
 Confusing Touch          Hex            #.....       100%        1    ##.....
 Magic Dart               Conj           #...         100%        1    ##.....
 Sting                    Conj/Pois      #...         100%        1    ##.....
 Summon Butterflies       Summ           #.......     100%        1    ##.....
 Summon Small Mammal      Summ           #...         100%        1    ##.....
 Poisonous Vapours        Pois/Air       #.....       100%        2    ###....
 Searing Ray              Conj           #.....       100%        2    ###....
 Call Canine Familiar     Summ           #.......     100%        3    ####...
 Conjure Flame            Conj/Fire      #.......     100%        3    ####...
 Dazzling Spray           Conj/Hex       #.....       100%        3    ####...
 Mephitic Cloud           Conj/Pois/Air  #.......     100%        3    ####...
 Force Lance              Conj/Tloc      #.......     100%        4    #####..
 Fulminant Prism          Conj/Hex       #.........   100%        4    #####..
 Iskenderun's Mystic Bla  Conj           #.......     100%        4    #####..
 Olgreb's Toxic Radiance  Pois           #.......     100%        4    #####..
 Summon Ice Beast         Ice/Summ       #.......     100%        4    #####..
 Bolt of Magma            Conj/Fire/Erth #.........   100%        5    ######.
 Iskenderun's Battlesphe  Conj/Chrm      #.......     100%        5    ######.
 Summon Mana Viper        Hex/Summ       #.......     100%        5    ######.
 Venom Bolt               Conj/Pois      #.........   100%        5    ######.
 Freezing Cloud           Conj/Ice/Air   #.........   100%        6    #######
 Iron Shot                Conj/Erth      #.........   100%        6    #######
 Orb of Destruction       Conj           #.........   100%        7    #######
 Ring of Flames           Chrm/Fire      #.........   100%        7    #######
 Spellforged Servitor     Conj/Summ      #.........   100%        7    #######
 Summon Hydra             Summ           #.........   100%        7    #######


Dungeon Overview and Level Annotations

Branches:
Dungeon (12/15)            Temple (1/1) D:5            Lair (6/6) D:10
  Swamp (0/4) Lair:3        Snake (2/4) Lair:2          Orc (2/2) D:12
    Elf (0/3) Orc:2
  Slime: Lair:5-6

Altars:
Ashenzari
Cheibriados
Dithmenos
Elyvilon
Fedhas
Hepliaklqana
Makhleb
Nemelex Xobeh
Okawaru
Qazlal
Ru
Trog
Uskayaw
Vehumet
Wu Jian
Xom
Yredelemnul
Zin
The Shining One

Shops:
D:5 *   D:6 [   Orc:1 (   Orc:2 :(%![**}*

Portals:
Trove: D:11 (give 4 scrolls of blinking)

Annotations:
D:3 1 runed translucent door, Crazy Yiuf
Lair:5 exclusion: 3 oklob plants
Snake:2 Louise
Orc:1 Sonja
Orc:2 1 runed translucent door, LLlMATKO's ghost, journeyman MiBe


Innate Abilities, Weirdness & Mutations

You are resistant to torment.
Your stone body is resilient. (AC +11)
You are immune to poison.
Your large and strong wings let you fly indefinitely.
You resist negative energy. (rN+)
You are resistant to electric shocks. (rElec)
You can survive without breathing.
You are immune to petrification.
You are immune to rotting.
[Scrolls take you much longer to read.]
[You are very clumsy. (Dex -4)]
[Armour fits poorly on your strangely shaped body.]
[Your body often deteriorates upon taking damage.]
[You are extremely frail. (-30% HP)]
[Your magical capacity is extremely low. (-30% MP)]
[You frequently scream uncontrollably at your foes.]
[You do not regenerate when monsters are visible.]
[You are very weak. (Str -4)]
[Your spells are easier to cast, but less powerful.]


Message History

Unknown command.
Unknown command.
Unknown command.
Unknown command.
Unknown command.
Unknown command.
The ufetubus shouts!
The small abomination is engulfed in blazing flames.
The wretched star glows turbulently.
You block the orb of energy.
The wretched star pulses with an eldritch light!
Your connection to magic feels subdued.
Your connection to magic feels more subdued.
Found a glaive.
Unknown command.
The flying skull barely misses you. The hell hog breathes fire at you.
The fireball explodes!
The fireball engulfs the flying skull!
The flying skull resists.
The fireball engulfs you!!
You die...

.# # #.#. ...# # ..##
.### # .).##....
#.##..#..# ### #.@...#
.#..##z.## . #.#.
#...# ..##########
#...# # #...
.5...###h##....#
.......°x...#.......##
....##.R##..5#3*...##
......° 5 #...#...#.#
##...5○5 .#. 5.......#


You could see a wretched star, a hell hog, a ynoxinul and a flying skull.

Vanquished Creatures
  Snorg (Orc:1)
  4 hydras
  A vault guard (D:11)
  2 naga warriors
  3 anacondas
  3 two-headed ogres (D:10)
  5 death yaks (Lair:3)
  A catoblepas (Lair:3)
  2 shock serpents (Snake:1)
  An unseen horror (D:10)
  A swamp dragon (Lair:3)
  2 mana vipers (Snake:1)
  A large abomination (Abyss:2)
  2 wolf spiders
  An ugly thing (D:11)
  9 elephants
  2 salamanders (Snake:1)
  3 manticores
  16 black mambas
  Psyche (D:8)
  3 guardian serpents
  3 naga magi (Snake:1)
  2 centaur skeletons
  15 spiny frogs
  A kobold demonologist (D:10)
  5 rime drakes
  5 komodo dragons
  3 trolls
  12 polar bears
  A merfolk (D:11)
  4 hornets
  15 blink frogs
  9 slime creatures (D:12)
  5 dream sheep (Lair:3)
  4 hippogriffs
  A meliai zombie (D:11)
  A raiju (Lair:6)
  3 redbacks (Lair:6)
  2 wraiths
  A shadow (D:8)
  A spriggan (D:11)
  2 fire bats (Lair:5)
  A vampire (D:10)
  A hungry ghost (D:7)
  12 wyverns
  A basilisk (D:7)
  24 yaks
  A human (D:11)
  3 vampire mosquitoes
  7 wargs
  17 nagas
  A soldier ant (D:8)
  Duvessa (D:4)
  14 hell hounds (Lair:6)
  17 water moccasins
  6 porcupines
  A hornet zombie (D:12)
  2 phantoms
  3 sky beasts
  14 black bears
  Purgy (Sewer)
  37 orc warriors
  4 ice beasts
  10 ogres
  17 wolves
  16 centaurs
  10 crocodiles
  9 bullfrogs
  Dowan (D:4)
  A wyvern skeleton (D:10)
  3 scorpions
  7 killer bees
  4 wights (D:11)
  5 electric eels
  4 crimson imps
  6 howler monkeys
  4 bullfrog skeletons
  6 centaur zombies
  5 hounds
  2 quasits (D:10)
  3 bullfrog zombies
  7 jellies
  19 orc priests
  24 orc wizards
  Ijyb (D:3)
  Terence (D:2)
  Natasha (thrice) (D:3)
  6 iguanas
  11 worker ants
  5 hell rats (Lair:6)
  2 hound skeletons
  A howler monkey skeleton (D:4)
  5 worker ant zombies
  20 adders
  3 shadow imps
  An ufetubus (Abyss:2)
  An ooze (D:3)
  3 adder zombies
  4 worms
  2 dart slugs
  6 leopard geckos
  76 orcs
  A ball python (D:1)
  10 giant cockroaches
  5 goblins
  7 hobgoblins
  18 jackals
  8 quokkas
  7 bats
  7 frilled lizards
  8 kobolds
  7 rats
  A fire vortex (Lair:5)
720 creatures vanquished.

Vanquished Creatures (others)
  An adder (D:2)
  10 fungi (Lair:6)
  A lurking horror (Abyss:2)
  20 plants (Lair:6)
  5 starspawn tentacles (Abyss:2)
37 creatures vanquished.

Grand Total: 757 creatures vanquished

Notes
Turn   | Place    | Note
-------+----------+-------------------------------------------
     0 | D:1      | shadizar the Gargoyle Fighter began the quest for the Orb.
     0 | D:1      | Reached XP level 1. HP: 14/14 MP: 1/1
    57 | D:1      | Reached XP level 2. HP: 19/19 MP: 2/2
   468 | D:1      | Reached XP level 3. HP: 24/24 MP: 3/3
   917 | D:2      | Noticed a -2 hand axe
   917 | D:2      | Noticed a -2 dagger
   923 | D:2      | Found a glowing golden altar of the Shining One.
   926 | D:2      | Noticed an angel
   931 | D:2      | Became a worshipper of the Shining One
   968 | D:2      | Reached skill level 4 in Fighting
   968 | D:2      | Reached skill level 1 in Maces & Flails
  1006 | D:2      | Reached skill level 1 in Dodging
  1007 | D:2      | Reached XP level 4. HP: 20/29 MP: 4/4
  1098 | D:2      | Found a hide-covered altar of Uskayaw.
  1144 | D:2      | Found a basalt altar of Yredelemnul.
  1174 | D:2      | Noticed Terence
  1178 | D:2      | Killed Terence
  1410 | D:3      | Reached XP level 5. HP: 31/34 MP: 5/5
  1627 | D:3      | Found a blossoming altar of Fedhas.
  1696 | D:3      | Noticed Ijyb
  1703 | D:3      | Killed Ijyb
  1789 | D:3      | Reached skill level 5 in Fighting
  1789 | D:3      | Reached XP level 6. HP: 40/40 MP: 6/6
  1900 | D:3      | Found a shattered altar of Ashenzari.
  1916 | D:3      | Noticed Natasha
  1923 | D:3      | Killed Natasha
  1973 | D:3      | Found a runed translucent door.
  1974 | D:3      | Noticed Crazy Yiuf
  2056 | D:3      | Noticed Natasha
  2068 | D:3      | Killed Natasha
  2088 | D:3      | Noticed Natasha
  2091 | D:3      | Killed Natasha
  2091 | D:3      | Reached * piety under the Shining One
  2117 | D:3      | Found a faded altar of an unknown god.
  2270 | D:4      | Noticed Dowan
  2271 | D:4      | Noticed Duvessa
  2486 | D:3      | Reached XP level 7. HP: 18/44 MP: 7/7
  2815 | D:4      | Killed Duvessa
  2815 | D:4      | Reached skill level 6 in Fighting
  2822 | D:4      | Found an iron altar of Okawaru.
  2828 | D:4      | Killed Dowan
  2850 | D:4      | Reached skill level 5 in Shields
  2921 | D:4      | Reached skill level 5 in Armour
  2997 | D:4      | Found a sacrificial altar of Ru.
  3024 | D:4      | Reached XP level 8. HP: 44/52 MP: 8/8
  3218 | D:5      | Entered Level 5 of the Dungeon
  3278 | D:5      | Found a sparkling altar of Nemelex Xobeh.
  3311 | D:5      | Found a staircase to the Ecumenical Temple.
  3324 | D:5      | Reached skill level 1 in Evocations
  3328 | D:5      | Reached skill level 7 in Fighting
  3533 | D:5      | Found Zuimaak's Assorted Antiques.
  3568 | Temple   | Entered the Ecumenical Temple
  3828 | D:6      | Reached ** piety under the Shining One
  4459 | D:6      | Found a glowing drain.
  4477 | Sewer    | Entered a sewer
  4523 | Sewer    | Noticed Purgy
  4532 | Sewer    | Killed Purgy
  4532 | Sewer    | Reached XP level 9. HP: 58/58 MP: 10/10
  4727 | D:6      | Reached skill level 8 in Fighting
  5059 | D:6      | Found a hazy altar of Hepliaklqana.
  5060 | D:6      | Found a shimmering altar of Xom.
  5061 | D:6      | Noticed a spectral ugly thing
  5068 | D:6      | Found Yzigagot's Antique Armour Shop.
  5186 | D:6      | Reached skill level 10 in Fighting
  5186 | D:6      | Reached skill level 5 in Dodging
  5186 | D:6      | Reached XP level 10. HP: 68/68 MP: 11/11
  5256 | D:7      | Reached skill level 11 in Fighting
  5867 | D:8      | Found a white marble altar of Elyvilon.
  5930 | D:8      | Noticed Psyche
  5930 | D:8      | Reached *** piety under the Shining One
  5944 | D:8      | Killed Psyche
  6668 | D:9      | Reached XP level 11. HP: 74/74 MP: 13/13
  6722 | D:9      | Found a snail-covered altar of Cheibriados.
  7322 | D:10     | Entered Level 10 of the Dungeon
  7409 | D:10     | Noticed a manticore
  7409 | D:10     | Reached **** piety under the Shining One
  7419 | D:10     | Killed a manticore
  7420 | D:10     | Noticed a two-headed ogre
  7421 | D:10     | Noticed a wolf spider
  7428 | D:10     | Killed a two-headed ogre
  7445 | D:10     | Killed a wolf spider
  7545 | D:10     | Noticed a two-headed ogre
  7707 | D:10     | Noticed a two-headed ogre
  7725 | D:10     | Killed a two-headed ogre
  7891 | D:10     | Found the +27 Lear's hauberk
  7898 | D:10     | Got an ichor-stained leather armour
  8051 | D:10     | Found a staircase to the Lair.
  8095 | D:10     | Reached ***** piety under the Shining One
  8146 | D:10     | Reached skill level 12 in Fighting
  8235 | D:10     | Killed a two-headed ogre
  8235 | D:10     | Reached XP level 12. HP: 67/81 MP: 15/15
  8762 | D:10     | Identified the +3 leather armour of the Accordion {Slay+3}
                  | (You found it on level 10 of the Dungeon)
  9054 | D:11     | Reached skill level 5 in Evocations
  9645 | D:11     | Noticed a vault guard
  9672 | D:11     | Killed a vault guard
  9678 | D:11     | Found a portal to a secret trove of treasure.
  9784 | D:12     | Reached skill level 10 in Shields
  9840 | D:12     | Reached skill level 10 in Armour
  9858 | D:12     | Found a staircase to the Orcish Mines.
 10406 | D:12     | Noticed an eight-headed hydra
 10421 | D:12     | Killed an eight-headed hydra
 10785 | Orc:1    | Entered Level 1 of the Orcish Mines
 10786 | Orc:1    | Noticed Sonja
 11081 | Orc:2    | Entered Level 2 of the Orcish Mines
 11086 | Orc:2    | Found Syqisats's General Store.
 11123 | Orc:2    | Reached XP level 13. HP: 78/87 MP: 17/17
 11464 | Orc:2    | Found a runed translucent door.
 11506 | Orc:2    | Noticed LLlMATKO's ghost (journeyman MiBe)
 11547 | Orc:2    | Found Labb's Food Shop.
 11631 | Orc:2    | Found Ugodell's Book Shoppe.
 11959 | Orc:2    | Found Ulaadwak's General Store.
 11959 | Orc:2    | Found Yxuerir's General Store.
 11961 | Orc:2    | Found Mirghoq's Gadget Shop.
 11963 | Orc:2    | Found Fylisiwi's Antique Armour Emporium.
 11975 | Orc:2    | Bought a pair of spiked gloves for 266 gold pieces
 11975 | Orc:2    | Bought a glowing scarf for 224 gold pieces
 12061 | Orc:2    | Found a staircase to the Elven Halls.
 12065 | Orc:2    | Found Quyc's Distillery.
 12068 | Orc:2    | Bought a potion of heal wounds for 65 gold pieces
 12128 | Orc:2    | Found Guddiusm's Antique Weapon Shop.
 12136 | Orc:2    | Bought an ancient eveningstar for 640 gold pieces
 12137 | Orc:2    | Identified the +7 eveningstar of the Apocalypse {venom,
                  | rPois} (You bought it in a shop on level 2 of the Orcish
                  | Mines)
 12409 | Orc:1    | Found Qieguaw's Antique Weapon Emporium.
 12430 | Orc:1    | Noticed Snorg
 12442 | Orc:1    | Killed Snorg
 12488 | Orc:1    | Cast into level 2 of the Abyss (Sonja)
 12571 | Abyss:2  | Found a corrupted altar of Lugonu.
 12587 | Abyss:2  | Noticed a starcursed mass
 12669 | Orc:1    | Escaped the Abyss
 13067 | Lair:1   | Entered Level 1 of the Lair of Beasts
 13252 | Lair:1   | Reached skill level 13 in Fighting
 13265 | Lair:1   | Reached ****** piety under the Shining One
 13533 | Lair:1   | You fall through a shaft!
 13771 | Lair:2   | Identified a scroll of acquirement
 13774 | Lair:2   | Got a fine sapphire amulet
 13787 | Lair:2   | Found a staircase to the Snake Pit.
 13824 | Lair:2   | Cast into level 3 of the Abyss (a distortion unwield)
 13937 | Abyss:3  | Noticed an Executioner
 13940 | Abyss:3  | Noticed a starcursed mass
 13941 | Abyss:3  | Noticed a red very ugly thing
 13979 | Lair:2   | Escaped the Abyss
 14897 | Lair:3   | Found a staircase to the Swamp.
 14948 | Lair:3   | Gained mutation: Your large and strong wings let you fly
                  | indefinitely. [Gargoyle growth]
 14948 | Lair:3   | Reached XP level 14. HP: 81/94 MP: 15/18
 15027 | Lair:3   | Reached skill level 10 in Maces & Flails
 16744 | Lair:6   | Entered Level 6 of the Lair of Beasts
 16849 | Lair:6   | Identified the amulet "Facut" {Spirit +Blink Dex+5} (You
                  | acquired it on level 2 of the Lair of Beasts)
 16910 | Lair:6   | Reached skill level 14 in Fighting
 17331 | Lair:6   | Reached XP level 15. HP: 100/100 MP: 19/19
 17407 | Lair:6   | Found a shimmering altar of Xom.
 18055 | Snake:1  | Entered Level 1 of the Snake Pit
 18511 | Snake:1  | Identified the +2 pair of gloves of the Arcane {rCorr} (You
                  | bought it in a shop on level 2 of the Orcish Mines)
 18565 | Snake:2  | Noticed Louise
 18589 | Snake:2  | Cast into level 2 of the Abyss (Louise)
 18625 | Abyss:2  | Found a corrupted altar of Lugonu.
 18788 | Abyss:2  | Noticed a tentacled starspawn
 18830 | Snake:2  | Escaped the Abyss
 18959 | Snake:2  | Cast into level 2 of the Abyss (Louise)
 19037 | Abyss:2  | Killed from afar by a hell hog

Skill      XL: |  1  2  3  4  5  6  7  8  9 10 11 12 13 14 15 |
---------------+----------------------------------------------+-----
Fighting       | 4 5 6 7 10 11 12 13 14 | 14.7
Maces & Flails | 1 2 3 4 6 7 8 9 10 11 | 11.5
Dodging        | 1 2 3 5 6 7 8 9 |  9.8
Armour         | 4 5 8 9 10 11 12 | 12.9
Shields        | 4 5 8 9 10 11 12 | 12.9
Evocations     | 2 3 4 5 6 |  6.3
Unarmed Combat | |  2.0

Action                   |  1- 3 |  4- 6 |  7- 9 | 10-12 | 13-15 || total
-------------------------+-------+-------+-------+-------+-------++-------
Melee: Club              |    99 |       |       |       |       ||    99
       Unarmed           |     4 |       |       |       |       ||     4
       Mace              |    45 |   172 |   292 |  1064 |   251 ||  1824
       Eveningstar       |       |       |       |       |   969 ||   969
 Abil: Fly               |       |       |       |       |     1 ||     1
  Use: Potion            |       |     1 |     1 |     1 |     3 ||     6
       Scroll            |       |       |    15 |     5 |    12 ||    32
  Eat: Chunk             |     1 |     5 |     5 |    22 |    26 ||    59
       Ration            |       |       |     1 |       |     1 ||     2
Armor: Scale mail        |   110 |     5 |       |       |       ||   115
       Chain mail        |       |   129 |   199 |   400 |   974 ||  1702
       Plate armour      |       |       |       |   271 |       ||   271
Dodge: Dodged            |    80 |    66 |    76 |   273 |   426 ||   921
Block: Shield            |   118 |   109 |   152 |       |       ||   379
       Large shield      |       |       |    52 |  1300 |  1947 ||  3299
